 Dungeon Crawl Stone Soup version 0.27-a0-1149-g4505690ab0 (webtiles) character file.

Game seed: 10021209426336908615

56 scionoferis the Magician (level 4, -1/31 HPs)
             Began as a Djinni Hedge Wizard on May 14, 2021.
             Splashed by a jelly's acid (8 damage)
             ... on level 3 of the Dungeon.
             The game lasted 00:06:14 (3254 turns).

scionoferis the Magician (Djinni Hedge Wizard)      Turns: 3254, Time: 00:06:14

Health: -1/31      AC: -2    Str:  9    XL:     4   Next: 17%
Gold:   112        EV: 12    Int: 16    God:
                   SH:  5    Dex: 13

rFire    + + .     SeeInvis .   a - +1 dagger (speed)
rCold    x . .     Faith    .   (no shield)
rNeg     . . .     Spirit   .   b - +0 robe
rPois    ∞         Reflect  +   c - +0 hat
rElec    .         Harm     .   (no cloak)
rCorr    .         Rampage  .   (no gloves)
Will     .....                  (boots unavailable)
Stlth    ++........             p - amulet of reflection
HPRegen  0.10/turn              (no ring)
MPRegen  0.00/turn              (no ring)

@: corroded, flying
A: sickness immunity, fire resistance 2, cold vulnerability 1, float, innate
caster, hp casting, extra vitality 1
a: no special abilities


You were on level 3 of the Dungeon.
You visited 1 branch of the dungeon, and saw 3 of its levels.

You collected 112 gold pieces.

Inventory:

Hand Weapons
 a - a +1 dagger of speed (weapon)
 k - a +0 dagger
 s - a +2 vorpal mace
Missiles
 d - 80 stones
 f - 13 bolts
 g - 16 arrows
 m - 45 sling bullets
Armour
 b - a +0 robe (worn)
 c - a +0 hat (worn)
Jewellery
 p - an amulet of reflection (around neck)
Scrolls
 h - 2 scrolls of identify {unknown}
 i - 2 scrolls of silence {unknown}
 j - a scroll of enchant weapon {unknown}
 l - 2 scrolls of holy word {unknown}
 o - a scroll of magic mapping {unknown}
 q - 2 scrolls of teleportation {unknown}
 r - a scroll of immolation {unknown}
Potions
 e - a potion of resistance {unknown}
 n - a potion of degeneration {unknown}
 t - a potion of mutation {unknown}
 u - a potion of cancellation {unknown}


   Skills:
 + Level 1.0 Short Blades
 + Level 2.8 Dodging
 + Level 2.1 Stealth
 * Level 3.0 Spellcasting


You couldn't memorise any spells.
You knew the following spells:

 Your Spells              Type           Power      Damage    Failure   Level
a - Magic Dart            Conj           48%        1d5       5%          1
b - Blink                 Tloc           N/A        N/A       9%          2
c - Call Imp              Summ           12%        N/A       9%          2
d - Slow                  Hex            12%        N/A       9%          2
e - Conjure Flame         Conj/Fire      12%        6-21      16%         3
f - Mephitic Cloud        Conj/Pois/Air  12%        N/A       16%         3
g - Beastly Appendage     Tmut           24%        N/A       5%          1
Your spell library was empty.

Dungeon Overview and Level Annotations

Branches:
Dungeon (3/15)

Altars:


Innate Abilities, Weirdness & Mutations

You are immune to sickness and miasma.
You are immune to poison.
Your flesh is very heat resistant. (rF++)
You are vulnerable to cold. (rC-)
You float through the air rather than walking.
You learn spells naturally, not from books.
Your magical power is your life essence.
You have superior vitality. (+4 HP)


Message History

The jelly is lightly wounded.
Casting: Magic Dart (safe; 5% risk of failure)
Confirm with . or Enter, or press ? or * to list all spells.
You don't know that spell.
Sorry, you're not good enough to have a special ability.
Unknown command.
Casting: Magic Dart (safe; 5% risk of failure)
Confirm with . or Enter, or press ? or * to list all spells.
Aiming: Magic Dart (safe; 5% risk of failure)
Press: ? - help, Shift-Dir - straight line, f/p - jelly
Aim: a jelly (lightly wounded, 100% to hit)
The magic dart hits the jelly.
The jelly is moderately wounded.
Casting: Magic Dart (safe; 5% risk of failure)
Confirm with . or Enter, or press ? or * to list all spells.
Aiming: Magic Dart (safe; 5% risk of failure)
Press: ? - help, Shift-Dir - straight line, f/p - jelly
Aim: a jelly (moderately wounded, 100% to hit)
The magic dart hits the jelly.
The jelly is severely wounded.
The jelly hits you.
You are splashed with acid!
Casting: Magic Dart (safe; 5% risk of failure)
Confirm with . or Enter, or press ? or * to list all spells.
Aiming: Magic Dart (safe; 5% risk of failure)
Press: ? - help, Shift-Dir - straight line, f/p - jelly
Aim: a jelly (severely wounded, 100% to hit)
The magic dart hits the jelly.
The jelly is severely wounded.
The jelly hits you.
You are splashed with acid.
Casting: Magic Dart (safe; 5% risk of failure)
Confirm with . or Enter, or press ? or * to list all spells.
Aiming: Magic Dart (safe; 5% risk of failure)
Press: ? - help, Shift-Dir - straight line, f/p - jelly
Aim: a jelly (severely wounded, 100% to hit)
The magic dart hits the jelly.
The jelly is almost dead.
The jelly hits you.
* * * LOW HITPOINT WARNING * * *
The acid corrodes you!
You are splashed with acid!
You die...

###... ..
#..... ..
#.##.##.
#.##..> #..
#.##..###.#
#.# #.##.....
#.#
#####.##..###
#.#
#...@J......#
#.#
#.###...)...#
#.##########.#
#...........
#............#
#..........#
#.....########
##......##.#
#.###.#
###..#.# # #.#
#.# #..#.# #.#
#.# #..#.#
##.# #.#


You could see a jelly.

Vanquished Creatures
  2 adders (D:2)
  A worm (D:2)
  An orc (D:2)
  5 endoplasms
  4 giant cockroaches
  2 hobgoblins
  A quokka (D:2)
  7 ball pythons
  4 bats
  2 frilled lizards
  A goblin (D:1)
  A kobold (D:1)
  4 rats
35 creatures vanquished.

Notes
Turn   | Place    | Note
-------+----------+-------------------------------------------
     0 | D:1      | scionoferis the Djinni Hedge Wizard began the quest for the
                  | Orb.
     0 | D:1      | Reached XP level 1. HP: 15/15 MP: 0/0
   420 | D:1      | Found a faded altar of an unknown god.
   672 | D:1      | Reached XP level 2. HP: 17/21 MP: 0/0
  1433 | D:2      | Reached XP level 3. HP: 21/25 MP: 0/0
  1433 | D:2      | Learned a level 1 spell: Beastly Appendage
  2649 | D:2      | Reached skill level 1 in Short Blades
  2649 | D:2      | Reached skill level 3 in Spellcasting
  2649 | D:2      | Reached XP level 4. HP: 25/31 MP: 0/0
  3254 | D:3      | Splashed by a jelly's acid

Illustrated notes

Levels and vault maps discovered:
D:1:      dpeg_arrival_connections, layout_loops_ring,
          chequers_ecumenical_altar_twisty
D:2:      layout_basic, minmay_tall_x
D:3:      layout_loops_ring, nicolae_dithmenos_through_a_glass_darkly

Skill      XL: |  1  2  3 |
---------------+----------+-----
Stealth        | 2 |  2.1
Short Blades   | 1 |  1.0
Spellcasting   | 3 |  3.0
Dodging        | |  2.8

Action                   |  1- 3 |  4- 6 || total
-------------------------+-------+-------++-------
Melee: Dagger            |   121 |    19 ||   140
 Cast: Magic Dart        |    28 |     5 ||    33
 Stab: Sleeping          |     6 |       ||     6
Armor: Robe              |    17 |     3 ||    20
Dodge: Dodged            |    57 |     4 ||    61
Block: Other             |     1 |       ||     1

Table legend: (Time is in decaauts)
 A = Elapsed time spent in this place.
 B = Non-inter-level travel time spent in this place.
 C = Inter-level travel time spent in this place.
 D = Time resting spent in this place.
 E = Time spent auto-exploring this place.
 F = Levels seen in this place.
 G = Mean time per level.
                   A        B        C        D        E       F      G
               +--------+--------+--------+--------+--------+-----+--------+
         Total |   3207 |   3130 |     77 |    196 |   2471 |   3 | 1069.0 |
       Dungeon |   3207 |   3130 |     77 |    196 |   2471 |   3 | 1069.0 |
               +--------+--------+--------+--------+--------+-----+--------+

Top non-repeatable levels by time:
     D:2: 2084 daAuts
     D:1: 996 daAuts
     D:3: 125 daAuts
